 Dungeon Crawl Stone Soup version 0.29-a0-542-g075992c915 (webtiles) character file.

Game seed: 16087677413097299886

2461 Malachi the Cleaver (level 9, -4/68 HPs)
             Began as a Demonspawn Berserker on June 4, 2022.
             Was a Believer of Trog.
             Splashed by a jelly's acid (8 damage)
             ... on level 7 of the Dungeon.
             The game lasted 00:08:21 (8458 turns).

Malachi the Cleaver (Demonspawn Berserker)          Turns: 8458, Time: 00:08:23

Health: -4/68      AC: -3    Str: 21    XL:     9   Next: 26%
Magic:  0/9        EV:  9    Int:  9    God:    Trog [**....]
Gold:   485        SH:  0    Dex: 13    Spells: 8/8 levels left

rFire   . . .      SeeInvis .   a - +0 hand axe
rCold   . . .      Faith    .   (no shield)
rNeg    . . .      Spirit   +   u - +0 chain mail
rPois   .          Reflect  .   (no helmet)
rElec   .          Harm     .   (no cloak)
rCorr   .          Rampage  .   (no gloves)
Will    .....                   (no boots)
Stlth   ..........              (no amulet)
HPRegen 0.21/turn               (no ring)
MPRegen 0.22/turn               (no ring)

@: corroded
A: claws 2, icy blue scales 1, powered by pain 1, magic shield, magic
regeneration
a: Renounce Religion, Berserk, Trog's Hand


You were on level 7 of the Dungeon.
You worshipped Trog.
Trog was pleased with you.
You visited 1 branch of the dungeon, and saw 7 of its levels.

You collected 485 gold pieces.

Inventory:

Hand Weapons
 a - a +0 hand axe (weapon)
Armour
 u - a +0 chain mail (worn)
 y - the +1 leather armour "Aschanyrch" {+Blink Str+4 Dex-5 SInv}
   (You found it on level 7 of the Dungeon)

   Str:       It affects your strength (+4).
   Dex:       It affects your dexterity (-5).
   SInv:      It lets you see invisible.
   +Blink:    It lets you blink.
Wands
 d - a wand of digging (7)
 f - a wand of paralysis (3)
Scrolls
 b - 2 scrolls of blinking {unknown}
 c - 3 scrolls of magic mapping {unknown}
 e - a scroll of teleportation {unknown}
 g - a scroll of torment {unknown}
 j - 4 scrolls of enchant weapon {unknown}
 k - a scroll of enchant armour {unknown}
 l - 2 scrolls of noise {unknown}
 m - a scroll of immolation {unknown}
 n - 2 scrolls of poison {unknown}
 o - a scroll of silence {unknown}
Potions
 h - a potion of invisibility
 i - 3 potions of curing
 p - 2 potions of ambrosia
 q - 2 potions of heal wounds
 r - a potion of might
 s - a potion of cancellation
 t - 2 potions of attraction
 v - a potion of haste {unknown}
 w - a potion of brilliance {unknown}
 x - a potion of flight {unknown}
 z - a potion of mutation {unknown}


   Skills:
 + Level 5.3 Fighting
 * Level 8.1 Axes
 + Level 6.1 Armour
 - Level 4.3 Dodging
 - Level 1.3 Stealth
 * Level 1.5 Evocations


You had 8 spell levels left.
You didn't know any spells.
Your spell library was empty.

Dungeon Overview and Level Annotations

Branches:
Dungeon (7/15)
 Temple: D:4-7

Altars:
Gozag
Makhleb
Nemelex Xobeh

Annotations:
D:6 3 runed translucent doors, exclusion: 3 doors, brujo666's ghost, amateur MeFi


Innate Abilities, Weirdness & Mutations

You have very sharp fingernails.
You are partially covered in icy blue scales. (AC +2)
You sometimes gain a little power by taking damage.
When hurt, damage is shared between your health and your magic reserves.
You regenerate magic rapidly.


Message History

The jelly is severely wounded.
The jelly closely misses you.
You hit the jelly.
Your claws burn!
The jelly is severely wounded.
The jelly hits you. The acid corrodes you!
You are splashed with acid!
You hit the jelly but do no damage.
Your claws burn!
The jelly is severely wounded.
The jelly barely misses you.
You hit the jelly.
Your claws burn!
The jelly is severely wounded.
You are too injured to fight recklessly!
You are too injured to fight recklessly!
You hit the jelly but do no damage.
Your claws burn!
The jelly is severely wounded.
The jelly hits you. The acid corrodes you!
You are splashed with acid!
You barely miss the jelly.
The jelly is severely wounded.
The jelly closely misses you.
You hit the jelly.
Your claws burn!
The jelly is almost dead.
The jelly barely misses you.
You hit the jelly but do no damage. The acid corrodes you!
Your claws burn!
* * * LOW HITPOINT WARNING * * *
The jelly is almost dead.
The jelly completely misses you.
You hit the jelly but do no damage.
Your claws burn!
* * * LOW HITPOINT WARNING * * *
The jelly is almost dead.
The jelly hits you.
* * * LOW HITPOINT WARNING * * *
The acid corrodes you!
You are splashed with acid!
* * * LOW HITPOINT WARNING * * *
Aiming: Paralyse
Press: ? - help, Shift-Dir - straight line, f - jelly
Aim: a jelly (almost dead, chance to affect: 62%)
The jelly resists with significant effort.
The jelly hits you.
* * * LOW HITPOINT WARNING * * *
You are splashed with acid!
You die...

#. #.### #.#..
###.#.## ......##
#.....# #...?# #J# ..
.. #@# .##. #.# .#.#
##.## # #####..##
##...## #.#.......#
##.....##
#.#.......###.......#
#........##.........#
#....................
#.......##.........###


You could see a jelly.

Vanquished Creatures
  Grinder (D:3)
  The ghost of Essalna the Ruffian, an amateur DrTm (D:3)
  2 water moccasins (D:5)
  3 ice beasts
  A sky beast (D:7)
  A black bear (D:6)
  An ogre (D:5)
  2 phantoms (D:5)
  A bullfrog (D:3)
  3 necrophages
  4 scorpions
  4 howler monkeys
  3 hounds
  3 gnoll shamans
  3 iguanas (D:5)
  9 gnolls
  16 adders
  A shadow imp (D:6)
  A white imp (D:6)
  An ufetubus (D:5)
  A worm (D:5)
  A dart slug (D:1)
  14 orcs
  5 ball pythons
  5 bats
  8 endoplasms
  2 giant cockroaches
  8 hobgoblins
  7 jackals
  2 quokkas
  2 frilled lizards
  7 goblins
  4 kobolds
  5 rats
132 creatures vanquished.

Notes
Turn   | Place    | Note
-------+----------+-------------------------------------------
     0 | D:1      | Malachi the Demonspawn Berserker began the quest for the
                  | Orb.
     0 | D:1      | Reached XP level 1. HP: 18/18 MP: 1/1
    88 | D:1      | Found a faded altar of an unknown god.
   191 | D:1      | Gained mutation: You have sharp fingernails. [demonic
                  | ancestry]
   191 | D:1      | Reached XP level 2. HP: 24/24 MP: 2/2
   192 | D:1      | Reached skill level 3 in Axes
   901 | D:2      | Gained mutation: You sometimes gain a little power by
                  | taking damage. [demonic ancestry]
   901 | D:2      | Reached XP level 3. HP: 29/29 MP: 3/3
  1927 | D:3      | Noticed Grinder
  1934 | D:3      | Killed Grinder
  1935 | D:3      | Reached skill level 4 in Axes
  1935 | D:3      | Gained mutation: You regenerate magic rapidly. [demonic
                  | ancestry]
  1935 | D:3      | Reached XP level 4. HP: 23/37 MP: 4/4
  1935 | D:3      | Reached XP level 5. HP: 27/42 MP: 5/5
  2244 | D:3      | Found a runed translucent door.
  2249 | D:3      | Noticed Essalna's ghost (amateur DrTm)
  2653 | D:3      | Gained mutation: You are partially covered in icy blue
                  | scales. (AC +2) [demonic ancestry]
  2653 | D:3      | Reached XP level 6. HP: 47/48 MP: 6/6
  2872 | D:3      | Reached skill level 1 in Stealth
  2939 | D:3      | Reached ** piety under Trog
  4039 | D:3      | Killed Essalna's ghost
  4085 | D:4      | Gained mutation: When hurt, damage is shared between your
                  | health and your magic reserves. [demonic ancestry]
  4085 | D:4      | Reached XP level 7. HP: 54/54 MP: 7/7
  4270 | D:4      | Reached skill level 5 in Axes
  5004 | D:5      | Entered Level 5 of the Dungeon
  5632 | D:5      | Reached XP level 8. HP: 43/61 MP: 5/8
  5873 | D:5      | Reached skill level 6 in Axes
  5873 | D:5      | Reached skill level 5 in Armour
  6497 | D:5      | Reached skill level 7 in Axes
  6726 | D:5      | Reached skill level 5 in Fighting
  6955 | D:5      | Found a burning altar of Makhleb.
  6963 | D:5      | Found a sparkling altar of Nemelex Xobeh.
  7030 | D:6      | Gained mutation: You have very sharp fingernails. [demonic
                  | ancestry]
  7030 | D:6      | Reached XP level 9. HP: 68/68 MP: 7/9
  7458 | D:6      | Reached skill level 1 in Evocations
  7507 | D:6      | Found a runed translucent gate.
  7507 | D:6      | Found a runed translucent gate.
  7507 | D:6      | Found a runed translucent gate.
  7552 | D:6      | Found an opulent altar of Gozag.
  7563 | D:6      | Noticed a four-headed hydra
  7563 | D:6      | Noticed brujo666's ghost (amateur MeFi)
  8193 | D:7      | Reached skill level 8 in Axes
  8197 | D:7      | Identified the +1 leather armour "Aschanyrch" {+Blink Str+4
                  | Dex-5 SInv}
  8458 | D:7      | Splashed by a jelly's acid

Illustrated notes

Levels and vault maps discovered:
D:1:      sevenhm_arrival_forest_fort_small_5, layout_rooms,
          hellmonk_ecumenical_altar_zigzags
D:2:      layout_basic, grunt_ministairs_3, grunt_decor_junction,
          kennysheep_path_1
D:3:      wad_lake_hut, layout_basic, ebering_ghost_sewer_d,
          minmay_quadrilaterals, uniq_grinder
D:4:      layout_rooms
D:5:      minmay_bubble_buster, layout_rooms, minitemple,
          kennysheep_generic_room_10
D:6:      layout_cave_pools, ebering_ghost_gozag
D:7:      layout_loops_corners, temple_pool_b, uniq_crazy_yiuf_cottage

Skill      XL: |  1  2  3  4  5  6  7  8  9 |
---------------+----------------------------+-----
Dodging        | 2 3 4 |  4.3
Axes           | 3 4 5 7 8 |  8.1
Armour         | 2 3 4 5 6 |  6.1
Stealth        | 1 |  1.3
Fighting       | 4 5 |  5.3
Evocations     | 1 |  1.5

Action                   |  1- 3 |  4- 6 |  7- 9 || total
-------------------------+-------+-------+-------++-------
Melee: Hand axe          |   106 |    71 |   428 ||   605
       Punch             |     2 |     1 |     5 ||     8
Invok: Berserk           |     3 |     4 |    11 ||    18
Evoke: Wand              |       |       |     1 ||     1
  Use: Scroll            |       |       |     8 ||     8
 Stab: Sleeping          |     1 |       |       ||     1
Armor: Animal skin       |     4 |       |       ||     4
       Ring mail         |    39 |    24 |    66 ||   129
       Chain mail        |       |       |   169 ||   169
Dodge: Dodged            |    68 |    44 |   241 ||   353

Table legend: (Time is in decaauts)
 A = Elapsed time spent in this place.
 B = Non-inter-level travel time spent in this place.
 C = Inter-level travel time spent in this place.
 D = Time resting spent in this place.
 E = Time spent auto-exploring this place.
 F = Levels seen in this place.
 G = Mean time per level.
                   A        B        C        D        E       F      G
               +--------+--------+--------+--------+--------+-----+--------+
         Total |   8667 |   8543 |    124 |   3257 |   4174 |   7 | 1238.1 |
       Dungeon |   8667 |   8543 |    124 |   3257 |   4174 |   7 | 1238.1 |
               +--------+--------+--------+--------+--------+-----+--------+

Top non-repeatable levels by time:
     D:3: 2287 daAuts
     D:5: 1773 daAuts
     D:4: 1235 daAuts
     D:2: 1193 daAuts
     D:6: 1182 daAuts
     D:1: 719 daAuts
     D:7: 276 daAuts
